Match 42176015
Unlisted

Match 42176015
End
Scout Squad
Selects Airborne Battlegroup
Selects Airborne Battlegroup
Selects Heavy Machine Gun Paradrop
Heavy Machine Gun Paradrop
Engineer Squad
Heavy Machine Gun Paradrop
Construct Barracks
Riflemen Squad
Selects Paratrooper Squad Paradrop
Paratrooper Squad Paradrop
Construct Medical Station
Grenade Package
Mechanized Support Center
Selects Anti-tank Gun Team Paradrop
Anti-tank Gun Team Paradrop
Construct Tank Depot
M4A1 Sherman Medium Tank
Selects Recon Loiter
Selects Paradrop Reinforcements
Improvised Armor
Rapid Repairs
M4A1 Sherman Medium Tank
M4A1 76mm Conversion
Anti-tank Gun Team Paradrop
rettep_s
MadMax
0
0

Comments sign in to comment!

No comments posted yet!